 Dungeon Crawl Stone Soup version 0.30-a0-782-ge64f9170bb (webtiles) character file.

Game seed: 9581824689679751279

543 Drevant2 the Conjurer (level 7, 0/41 HPs)
             Began as an Octopode Conjurer on Feb 18, 2023.
             Killed from afar by a white imp (8 damage)
             ... with a puff of frost
             ... on level 5 of the Dungeon.
             The game lasted 00:12:33 (4603 turns).

Drevant2 the Conjurer (Octopode Conjurer)           Turns: 4603, Time: 00:12:34

Health: 0/41       AC:  1    Str:  6    XL:     7   Next: 27%
Magic:  2/10       EV: 13    Int: 22    God:
Gold:   85         SH:  0    Dex: 17    Spells: 3/10 levels left

rFire   . . .      SeeInvis .    n - +0 long sword
rCold   . . .      Faith    .    (no shield)
rNeg    . . .      Spirit   .    u - +0 hat
rPois   +          Reflect  .    (no amulet)
rElec   .          Harm     .    c - +6 ring of dexterity
rCorr   .          Rampage  .    p - ring of poison resistance
Will    .....                    (no ring)
Stlth   +++                      (no ring)
HPRegen 0.26/turn                (no ring)
MPRegen 0.12/turn                (no ring)
                                 (no ring)
                                 (no ring)

@: no status effects
A: almost no armour, amphibious, 8 rings, camouflage 1, gelatinous body 1,
(nimble swimmer 1), tentacles
a: no special abilities


You were on level 5 of the Dungeon.
You visited 1 branch of the dungeon, and saw 7 of its levels.

You collected 85 gold pieces.

Inventory:

Hand Weapons
 d - a +0 dagger
 n - a +0 long sword (weapon)
 o - a +0 falchion
Armour
 u - a +0 hat (worn)
Jewellery
 c - a +6 ring of dexterity (left tentacle)
 p - a ring of poison resistance (right tentacle)
Wands
 q - a wand of light (9)
Scrolls
 a - 3 scrolls of magic mapping {unknown}
 e - a scroll of poison {unknown}
 f - a scroll of fog {unknown}
 g - a scroll of amnesia {unknown}
 h - a scroll of immolation {unknown}
 k - a scroll of enchant armour {unknown}
 m - 2 scrolls of butterflies {unknown}
 r - 2 scrolls of identify {unknown}
 s - a scroll of fear {unknown}
 t - a scroll of teleportation {unknown}
Potions
 b - 2 potions of invisibility {unknown}
 i - a potion of lignification
 j - 3 potions of attraction
 l - a potion of curing


   Skills:
 - Level 2.0 Dodging
 - Level 2.6 Stealth
 - Level 2.0 Spellcasting
 - Level 7.2 Conjurations
 * Level 4.3 Translocations


You had 3 spell levels left.
You knew the following spells:

 Your Spells              Type           Power      Damage    Failure   Level
a - Magic Dart            Conj           100%       1d8       1%          1
b - Searing Ray           Conj           66%        2d6       1%          2
c - Iskenderun's Mystic   Conj/Tloc      27%        2d7       13%         4

Your spell library contained the following spells:

 Spells                   Type           Power      Damage    Failure   Level
 Shock                    Conj/Air       72%        1d7       3%          1
 Dazzling Flash           Conj/Hex       36%        N/A       10%         3
 Hailstorm                Conj/Ice       18%        3d6       10%         3
 Freeze                   Ice            8%         1d3       14%         1
 Cigotuvi's Dreadful Rot  Necr/Pois/Air  4%         N/A       21%         2
 Frozen Ramparts          Ice            4%         1d1       38%         3
 Swiftness                Air            2%         N/A       38%         3
 Fulminant Prism          Conj/Hex       9%         3d6       30%         4
 Airstrike                Air            1%         2d(1-17)  80%         4
 Dispel Undead            Necr           2%         3d7       80%         4
 Death Channel            Necr           1%         N/A       100%        6


Dungeon Overview and Level Annotations

Branches:
Dungeon (7/15)
 Temple: D:4-7

Altars:

Shops:
D:2 (

Annotations:
D:2 Sigmund


Innate Abilities, Weirdness & Mutations

You cannot wear most types of armour.
You are amphibious.
You can wear up to eight rings at the same time.
Your skin changes colour to match your surroundings (Stealth+).
Your rubbery body absorbs attacks. (AC +1, EV +1)
((You are camouflaged when in or above water. (Stealth+)))
You have tentacles for arms and can constrict up to eight enemies at once.


Message History

The jackal is almost dead.
You constrict the jackal, but do no damage.
The white imp gestures at you. The puff of frost hits you!
The jackal bites you. The jackal closely misses you.
You hit the jackal.
You kill the jackal!
The white imp gestures at you. The puff of frost hits you!
* * * LOW HITPOINT WARNING * * *
Casting: Magic Dart (safe; 1% risk of failure)
Confirm with . or Enter, or press ? or * to list all spells.
Aiming: Magic Dart (safe; 1% risk of failure)
Press: ? - help, Shift-Dir - straight line, f - white imp
Aim: a white imp (100% to hit)
The magic dart hits the white imp but does no damage.
Casting: Magic Dart (safe; 1% risk of failure)
Confirm with . or Enter, or press ? or * to list all spells.
Aiming: Searing Ray (safe; 1% risk of failure)
Press: ? - help, Shift-Dir - straight line, f/p - white imp
Aim: a white imp (81% to hit)
The searing ray hits the white imp.
The white imp is lightly wounded. (Press . to maintain the ray.)
The searing ray hits the white imp.
The white imp is severely wounded.
The white imp hits you.
* * * LOW HITPOINT WARNING * * *
The white imp freezes you.
* * * LOW HITPOINT WARNING * * *
The searing ray misses the white imp.
The white imp hits you.
* * * LOW HITPOINT WARNING * * *
The white imp freezes you.
* * * LOW HITPOINT WARNING * * *
The searing ray hits the white imp.
The white imp is almost dead.
You finish channelling your searing ray.
The white imp gestures at you. The puff of frost hits you!
You die...

+.............
#.............
#.............
.............
............
#....$....#
#.........#
#.........#
#..@5.....#
#..†.######
#..#### ##'###
######## #......
+<...# #......#
+..... #....#
#......# #....
#....# #......#
#..#
###########......#
#+###..####.##
..........#
..............
..........#


You could see a white imp.

Vanquished Creatures
  2 ogres (D:4)
  A phantom (D:4)
  An orc priest (D:6)
  An iguana (D:4)
  2 orc wizards
  9 adders
  A white imp (D:6)
  3 worms
  4 dart slugs
  7 orcs
  8 ball pythons
  9 endoplasms
  3 giant cockroaches
  7 goblins
  6 hobgoblins
  3 jackals (D:5)
  4 quokkas
  7 bats
  6 frilled lizards
  4 kobolds
  6 rats
94 creatures vanquished.

Notes
Turn   | Place    | Note
-------+----------+-------------------------------------------
     0 | D:1      | Drevant2 the Octopode Conjurer began the quest for the Orb.
     0 | D:1      | Reached XP level 1. HP: 11/11 MP: 3/3
   372 | D:1      | Reached XP level 2. HP: 17/17 MP: 0/5
  1004 | D:1      | Reached XP level 3. HP: 21/21 MP: 3/6
  1245 | D:2      | Found Cunof's Antique Weapon Shoppe.
  1259 | D:2      | Reached skill level 5 in Conjurations
  1404 | D:2      | Learned a level 2 spell: Searing Ray
  1780 | D:2      | Noticed Sigmund
  1808 | D:2      | Reached XP level 4. HP: 27/27 MP: 0/7
  2575 | D:3      | Reached skill level 6 in Conjurations
  3110 | D:4      | Reached XP level 5. HP: 14/31 MP: 0/8
  3220 | D:4      | Noticed an ogre
  3252 | D:4      | Identified the +3 robe "Fatzuxt" {rF+}
  3301 | D:4      | Learned a level 4 spell: Iskenderun's Mystic Blast
  3350 | D:4      | Noticed a phantom
  3362 | D:4      | Killed a phantom
  3363 | D:4      | Reached skill level 7 in Conjurations
  3363 | D:4      | Reached XP level 6. HP: 30/36 MP: 1/9
  3437 | D:4      | You fall into a shaft and drop 3 floors!
  3562 | D:6      | Reached skill level 1 in Translocations
  3645 | D:5      | Entered Level 5 of the Dungeon
  4090 | D:4      | Reached XP level 7. HP: 41/41 MP: 7/10
  4603 | D:5      | Killed from afar by a white imp

Illustrated notes

Levels and vault maps discovered:
D:1:      lemuel_arrival_tunnels, layout_loops_ring, minmay_misc_feat_ornament
D:2:      layout_loops_ring, basic_ecumenical_altar, serial_shops,
          nicolae_shop_hallway_stairs, nrook_uturn, kennysheep_generic_room_9,
          uniq_terence, uniq_sigmund, uniq_robin
D:3:      layout_loops_ring
D:4:      layout_cave_pools
D:5:      layout_gridville, gammafunk_ghost_grave, moated_statue
D:6:      layout_loops_cross, minmay_misc_feat_roman
D:7:      layout_loops_corners, mainiacjoe_overflow_surrounded_room,
          minmay_temple_entry_butterflies

Skill      XL: |  1  2  3  4  5  6  7 |
---------------+----------------------+-----
Conjurations   | 5 6 7 |  7.2
Translocations | 3 4 |  4.3
Dodging        | |  2.0
Stealth        | |  2.6
Spellcasting   | |  2.0

Action                     |  1- 3 |  4- 6 |  7- 9 || total
---------------------------+-------+-------+-------++-------
  Melee: Dagger            |     4 |     4 |       ||     8
         Constrict         |     1 |     4 |     2 ||     7
         Tentacles         |       |     3 |     1 ||     4
         Long sword        |       |    16 |     6 ||    22
   Cast: Magic Dart        |    69 |    82 |    16 ||   167
         Searing Ray       |       |     6 |     2 ||     8
    Use: Potion            |       |     4 |       ||     4
   Stab: Sleeping          |       |     3 |       ||     3
 Armour: Skin              |       |     8 |     2 ||    10
  Dodge: Dodged            |     8 |    17 |    10 ||    35

Table legend: (Time is in decaauts)
 A = Elapsed time spent in this place.
 B = Non-inter-level travel time spent in this place.
 C = Inter-level travel time spent in this place.
 D = Time resting spent in this place.
 E = Time spent auto-exploring this place.
 F = Levels seen in this place.
 G = Mean time per level.
                   A        B        C        D        E       F      G
               +--------+--------+--------+--------+--------+-----+--------+
         Total |   4608 |   4172 |    436 |   1350 |   2085 |   7 |  658.3 |
       Dungeon |   4608 |   4172 |    436 |   1350 |   2085 |   7 |  658.3 |
               +--------+--------+--------+--------+--------+-----+--------+

Top non-repeatable levels by time:
     D:1: 1234 daAuts
     D:4: 1158 daAuts
     D:2: 1067 daAuts
     D:3: 765 daAuts
     D:5: 171 daAuts
     D:6: 146 daAuts
     D:7: 63 daAuts
